Map: 2000 Atmospheres LE

Players

Has

  • Race: Protoss Protoss

Nice - Winner!

  • Race: Protoss Protoss
  • League: Grandmaster

Event: DreamHack SC2 Masters 2021 Summer

VOD

Have the link to the VOD?

Description

Time

  • Played on: May 22, 2021, 10:02 a.m.
  • Length: 10:06

All games in this series

Show
View Real Time Build Order
Export as new Build Order

Has Protoss 

Build Orders: Oracle Opening 

Get SALT Encoding   

  12  0:00  Probe  
  13  0:12  Probe  
  14  0:19  Pylon  
  14  0:24  Probe (Chrono Boost)  
  15  0:37  Gateway  
  15  0:38  Probe (Chrono Boost)  
  16  0:45  Probe (Chrono Boost)  
  16  0:46  Assimilator  
  17  0:52  Probe  
  18  1:04  Probe  
  19  1:11  Assimilator  
  19  1:16  Probe  
  20  1:24  Zealot, Cybernetics Core  
  22  1:27  Pylon  
  22  1:28  Probe  
  23  1:45  Probe  
  24  1:57  Probe  
  24  2:00  Stargate, Adept (Chrono Boost)  
  27  2:09  Probe  
  27  2:11  Shield Battery  
  28  2:21  Warp Gate  
  28  2:23  Pylon  
  28  2:26  Stalker  
  30  2:30  Probe  
  31  2:44  Void Ray (Chrono Boost)  
  35  2:58  Probe  
  36  3:10  Probe  
  37  3:15  Nexus  
  37  3:19  Oracle (Chrono Boost)  
  38  3:30  Pylon  
  38  3:32  Probe  
  39  3:40  Twilight Council  
  39  3:48  Probe  
  40  4:00  Probe  
  41  4:13  Probe, Blink (Chrono Boost)  
  42  4:23  Void Ray (Chrono Boost)  
  43  4:37  Shield Battery x2  
  46  4:40  Gateway  
  46  4:42  Shield Battery x2  
  46  4:45  Probe  
  48  4:47  Stalker  
  49  4:56  Probe  
  49  4:57  Probe  
  51  5:01  Pylon  
  51  5:03  Void Ray  
  51  5:05  Shield Battery  
  55  5:16  Cybernetics Core  
  55  5:20  Probe x2  
  57  5:32  Probe x2, Gateway  
  57  5:33  Pylon  
  59  5:44  Probe  
  54  5:53  Probe, Void Ray  
  55  5:57  Stalker x2  
  55  6:00  Shield Battery  
  61  6:04  Probe  
  61  6:09  Probe  
  62  6:16  Probe, Gateway  
  59  6:19  Assimilator  
  59  6:20  Stalker x2  
  63  6:27  Stalker  
  63  6:31  Probe x2  
  67  6:43  Stalker  
  67  6:46  Pylon  
  69  6:48  Pylon  
  69  6:57  Probe  
  69  6:59  Pylon  
  70  7:04  Pylon, Stalker  
  70  7:05  Stalker  
  70  7:08  Stalker  
  76  7:12  Stalker  
  78  7:16  Shield Battery  
  78  7:18  Shield Battery  
  78  7:22  Probe x2  
  80  7:23  Gateway  
  80  7:24  Gateway  
  80  7:30  Stalker x2  
  80  7:32  Stalker  
  86  7:37  Assimilator, Stalker  
  86  7:49  Oracle (Chrono Boost)  
  81  8:01  Stalker  
  81  8:03  Zealot x3  
  81  8:10  Probe  
  81  8:11  Probe  
  69  8:18  Stalker x2  
  69  8:24  Stalker x3  
  71  8:30  Pylon  
  71  8:32  Stalker  
  71  8:40  Pylon  
  71  8:43  Stalker x2  
  69  8:48  Stalker x2  
  68  8:59  Stalker  
  68  9:01  Pylon  
  70  9:06  Stalker  
  72  9:12  Stalker  
  72  9:16  Stalker  
  65  9:27  Stalker  
  65  9:29  Stalker  
Show
View Real Time Build Order
Export as new Build Order

Nice Protoss - Winner!

Build Orders: Blink Stalkers 

Get SALT Encoding   

  12  0:00  Probe  
  13  0:12  Probe  
  14  0:17  Pylon  
  14  0:24  Probe (Chrono Boost)  
  16  0:37  Probe (Chrono Boost), Gateway  
  16  0:42  Probe (Chrono Boost)  
  16  0:46  Assimilator  
  17  0:53  Probe  
  17  0:57  Assimilator  
  18  1:05  Probe (Chrono Boost)  
  18  1:08  Gateway  
  19  1:14  Probe (Chrono Boost)  
  20  1:24  Cybernetics Core  
  20  1:25  Probe  
  21  1:34  Pylon  
  21  1:39  Probe  
  22  1:47  Pylon  
  22  1:51  Probe  
  23  2:01  Stalker x2  
  23  2:03  Probe  
  23  2:04  Warp Gate  
  28  2:12  Pylon  
  27  2:25  Probe, Twilight Council  
  30  2:37  Sentry  
  30  2:52  Shield Battery  
  30  3:00  Nexus  
  30  3:05  Blink (Chrono Boost)  
  29  3:19  Stalker  
  31  3:23  Probe  
  32  3:34  Pylon  
  32  3:35  Probe  
  33  3:47  Probe  
  34  3:55  Stalker  
  36  3:57  Stalker  
  36  3:59  Probe  
  39  4:12  Probe x2  
  41  4:19  Stalker  
  41  4:20  Stalker  
  41  4:24  Probe  
  39  4:32  Probe  
  39  4:36  Probe  
  41  4:41  Pylon  
  41  4:44  Probe  
  42  4:55  Probe  
  42  4:59  Stalker  
  45  5:00  Stalker  
  47  5:11  Probe  
  47  5:12  Probe  
  49  5:16  Shield Battery  
  49  5:24  Stalker  
  49  5:26  Stalker  
  51  5:29  Probe  
  50  5:43  Stalker  
  52  5:53  Stalker  
  52  5:56  Probe x2, Shield Battery  
  56  5:58  Shield Battery  
  54  6:12  Stalker  
  54  6:13  Probe  
  54  6:14  Probe  
  54  6:15  Gateway  
  58  6:22  Dark Shrine  
  58  6:25  Stalker  
  60  6:40  Stalker  
  60  6:41  Stalker  
  60  6:42  Shield Battery  
  60  6:43  Pylon  
  64  6:56  Probe x2  
  64  6:58  Pylon  
  66  7:03  Stalker x2  
  66  7:08  Probe  
  71  7:13  Probe, Stalker  
  74  7:20  Stalker  
  76  7:25  Assimilator  
  76  7:27  Assimilator  
  76  7:32  Shield Battery  
  76  7:33  Shield Battery  
  76  7:34  Dark Templar  
  76  7:36  Dark Templar  
  80  7:48  Stalker  
  76  8:01  Stalker  
  76  8:10  Stalker  
  76  8:11  Probe  
  76  8:12  Probe  
  70  8:21  Archon  
  70  8:24  Stalker x2  
  70  8:25  Probe x2  
  76  8:29  Shield Battery  
  76  8:30  Gateway  
  76  8:31  Shield Battery  
  76  8:32  Shield Battery  
  72  8:34  Pylon  
  70  8:57  Stalker  
  70  8:58  Stalker x2  
  70  9:02  Gateway  
  76  9:03  Probe  
  76  9:04  Gateway  
  77  9:23  Stalker x3  
  81  9:26  Gateway  
  81  9:31  Robotics Facility  
Tags
 
Add a new tag
Caveats
  • Supply blocks, unpowered buildings, or Contaminate may cause inaccurate times.
  • Supply counts are checked every 10 seconds.